 Dungeon Crawl Stone Soup version 0.21-a0-361-g4efd3f9 (webtiles) character file.

1592 Ketzopolo the Cleaver (level 8, 74/74 HPs)
             Began as a Minotaur Fighter on Oct 13, 2017.
             Was an Initiate of Okawaru.
             Quit the game on level 5 of the Dungeon.
             The game lasted 00:14:44 (4401 turns).

Ketzopolo the Cleaver (Minotaur Fighter)            Turns: 4401, Time: 00:14:45

Health: 74/74      AC: 14    Str: 22    XL:     8   Next: 61%
Magic:  7/7        EV:  5    Int:  5    God:    Okawaru [......]
Gold:   250        SH:  9    Dex: 11    Spells: 7/7 levels left

rFire    . . .     SeeInvis .   a - +0 war axe
rCold    . . .     Gourm    .   c - +0 shield
rNeg     . . .     Faith    .   A - +0 plate armour
rPois    .         Spirit   .   (helmet restricted)
rElec    .         Reflect  .   C - +1 cloak
rCorr    +         Harm     .   (no gloves)
MR       .....                  (no boots)
Stlth    ..........             (no amulet)
HPRegen  0.22/turn              u - ring of resist corrosion
MPRegen  0.10/turn              p - +4 ring of slaying

@: no status effects
A: retaliatory headbutt, horns 2
a: Renounce Religion


You were on level 5 of the Dungeon.
You worshipped Okawaru.
Okawaru was noncommittal.
You were hungry.

You visited 2 branches of the dungeon, and saw 6 of its levels.

You collected 250 gold pieces.

Inventory:

Hand Weapons
 a - a +0 war axe (weapon)
Armour
 c - a +0 shield (worn)
 h - a +0 cloak
 A - a +0 plate armour (worn)
 C - a +1 cloak (worn)
Jewellery
 i - an uncursed ring of protection from cold
 p - a +4 ring of slaying (right hand)
 u - a ring of resist corrosion (left hand)
 J - a +1 ring of protection {unknown}
Wands
 b - a wand of flame (37/48)
 y - a wand of flame (28/48)
Scrolls
 j - 3 scrolls of fear
 k - 2 scrolls of enchant weapon
 m - 3 scrolls of enchant armour
 n - a scroll of magic mapping {unknown}
 o - 6 scrolls of remove curse
 w - a scroll of amnesia {unknown}
 x - 2 scrolls of teleportation {unknown}
 F - a scroll of blinking {unknown}
 G - a scroll of recharging {unknown}
 H - a scroll of identify
 I - a scroll of fog {unknown}
Potions
 d - a potion of might
 e - 2 potions of agility
 l - 3 potions of curing {unknown}
 q - 2 potions of ambrosia {unknown}
 r - a potion of invisibility {unknown}
 t - 2 potions of haste
 v - a potion of lignification {unknown}
 z - a potion of brilliance {unknown}
 B - a potion of mutation {unknown}
 D - a potion of heal wounds {unknown}
 E - 2 potions of degeneration {unknown}
Comestibles
 f - 4 bread rations
 g - 2 meat rations
 s - 2 royal jellies


   Skills:
 + Level 8.0 Fighting
 * Level 10.3 Axes
 + Level 4.7 Armour
 + Level 2.2 Dodging
 - Level 3.6 Shields


You had 7 spell levels left.
You didn't know any spells.

Dungeon Overview and Level Annotations

Branches:
Dungeon (5/15)             Temple (1/1) D:4

Altars:
Ashenzari
Cheibriados
Dithmenos
Elyvilon
Fedhas
Gozag
Hepliaklqana
Kikubaaqudgha
Makhleb
Nemelex Xobeh
Okawaru
Qazlal
Ru
Sif Muna
Trog
Uskayaw
Vehumet
Wu Jian
Xom
Yredelemnul
Zin
The Shining One

Shops:
D:4 *


Innate Abilities, Weirdness & Mutations

You reflexively headbutt those who attack you in melee.
You have a pair of horns on your head.


Message History

Okawaru accepts your kill.
Found a leather armour.
You see here a leather armour.
You see here a leather armour.
Found 18 stones.
There is a stone staircase leading down here.
There is an open door here.
There is an open door here.
Found a leather armour.
You are feeling hungry.
J - a glowing wooden ring Put on which piece of jewellery? (? for menu, Esc to quit)
You're wearing all the rings you can.
Remove which one? (? for menu, Esc to cancel) < or
i - a ring of protection from cold; > or
p - a +4 ring of slaying You remove your ring of protection from cold.
u - a ring of resist corrosion (left hand) Quiver which item? (- for none, * to show all) (? for menu, Esc to quit)
Okay, then.
Are you sure you want to abandon this character and quit the game? (Confirm with "yes".)

# ### # ###
####..#.## ..##
#.....$..# ...##
##..@.....#
....##
##...#.....#
#....#
#....#.......
##...##
##..[.#...####
##...##
#....##..##
#....##
#......###
##....###.....##
##....##....##
## ##....##.###


There were no monsters in sight!

Vanquished Creatures
  Sigmund (D:4)
  Eustachio (D:4)
  Blork the orc (D:4)
  4 scorpions
  The ghost of Graouh the Covered, a weakling MiFi (D:3)
  A howler monkey (D:4)
  2 hounds
  2 orc priests
  5 orc wizards
  Crazy Yiuf (D:3)
  Jessica (D:3)
  Natasha (thrice) (D:3)
  An iguana (D:5)
  7 worker ants
  Terence (D:3)
  A hound skeleton (D:4)
  11 adders
  7 gnolls
  An ooze (D:2)
  An adder skeleton (D:4)
  3 worms
  3 dart slugs
  2 leopard geckos
  29 orcs
  9 giant cockroaches
  4 goblins
  10 hobgoblins
  11 jackals
  3 quokkas
  A ball python (D:1)
  6 bats
  7 frilled lizards
  8 kobolds
  2 rats (D:1)
  4 fungi (D:3)
155 creatures vanquished.

Notes
Turn   | Place    | Note
-------+----------+-------------------------------------------
     0 | D:1      | Ketzopolo the Minotaur Fighter began the quest for the Orb.
     0 | D:1      | Reached XP level 1. HP: 19/19 MP: 0/0
   162 | D:1      | Reached skill level 3 in Axes
   198 | D:1      | Reached XP level 2. HP: 24/27 MP: 1/1
   381 | D:1      | Reached XP level 3. HP: 33/33 MP: 2/2
   700 | D:1      | Reached skill level 4 in Axes
   818 | D:2      | Reached XP level 4. HP: 37/41 MP: 3/3
   826 | D:2      | Reached skill level 5 in Axes
  1213 | D:2      | Reached XP level 5. HP: 47/47 MP: 4/4
  1258 | D:2      | Found a shattered altar of Ashenzari.
  1433 | D:3      | Reached skill level 5 in Fighting
  1669 | D:3      | Noticed Natasha
  1674 | D:3      | Killed Natasha
  1689 | D:3      | Reached skill level 6 in Axes
  1718 | D:3      | Noticed Terence
  1722 | D:3      | Killed Terence
  1723 | D:3      | Noticed Natasha
  1730 | D:3      | Killed Natasha
  1730 | D:3      | Reached XP level 6. HP: 28/56 MP: 5/5
  1958 | D:3      | Noticed Natasha
  1961 | D:3      | Killed Natasha
  2128 | D:3      | Noticed Jessica
  2131 | D:3      | Killed Jessica
  2190 | D:3      | Noticed Graouh's ghost (weakling MiFi)
  2203 | D:3      | Killed Graouh's ghost
  2203 | D:3      | Reached skill level 7 in Axes
  2453 | D:3      | Found a runed door.
  2457 | D:3      | Noticed Crazy Yiuf
  2464 | D:3      | Killed Crazy Yiuf
  2607 | D:4      | Reached XP level 7. HP: 63/63 MP: 6/6
  2649 | D:4      | Noticed Blork the orc
  2659 | D:4      | Killed Blork the orc
  2659 | D:4      | Reached skill level 8 in Axes
  2762 | D:4      | Found Leoti's Assorted Antiques.
  2906 | D:4      | Noticed Sigmund
  2922 | D:4      | Killed Sigmund
  2922 | D:4      | Reached skill level 9 in Axes
  3202 | D:4      | Reached XP level 8. HP: 73/73 MP: 7/7
  3282 | D:4      | Noticed Eustachio
  3324 | D:4      | Killed Eustachio
  3324 | D:4      | Reached skill level 1 in Dodging
  3334 | D:4      | Found a staircase to the Ecumenical Temple.
  3366 | Temple   | Entered the Ecumenical Temple
  3614 | Temple   | Became a worshipper of Warmaster Okawaru
  3843 | D:5      | Entered Level 5 of the Dungeon
  3870 | D:5      | Reached skill level 10 in Axes
  4085 | D:5      | Found a stormy altar of Qazlal.
  4401 | D:5      | Quit the game

Vault maps used:
D:1:      lightli_arrival_statuegarden
D:2:      lemuel_round_altar
D:3:      first_bread, uniq_terence, uniq_jessica, uniq_crazy_yiuf_cottage,
          uniq_natasha
D:4:      temple_fountains, serial_shops, shop, uniq_eustachio,
          uniq_blork_the_orc, uniq_sigmund
D:5:      corexii_corridor_pit, st_stairs_14, grunt_qazlal_sundering
Temple:   nicolae_temple_the_god_donut

Skill      XL: |  1  2  3  4  5  6  7  8 |
---------------+-------------------------+-----
Axes           | 3 4 5 6 7 9 10 | 10.3
Fighting       | 4 5 6 7 8 |  8.0
Dodging        | 2 |  2.2
Armour         | 4 |  4.7
Shields        | |  3.6

Action                   |  1- 3 |  4- 6 |  7- 9 || total
-------------------------+-------+-------+-------++-------
Melee: War axe           |    61 |   152 |   117 ||   330
       Headbutt          |    13 |    26 |    22 ||    61
  Use: Scroll            |       |       |     5 ||     5
  Eat: Chunk             |       |     5 |     6 ||    11
Armor: Scale mail        |     5 |       |       ||     5
       Leather armour    |    10 |    14 |       ||    24
       Plate armour      |       |    21 |    55 ||    76
Dodge: Dodged            |    24 |    38 |    10 ||    72
Block: Shield            |    34 |    60 |    51 ||   145

Table legend:
 A = Spawn XP
 B = Non-spawn XP
 C = Spawn XP percentage of total XP
 D = Spawn monster count
 E = Non-spawn monster count
 F = Spawn count percentage of total count
 G = Total turns spent on level
                    A         B        C        D         E        F      G
               +---------+---------+-------+---------+---------+-------+---------
         Total |       0 |    2275 |   0.0 |       0 |     151 |   0.0 |  4401
               +---------+---------+-------+---------+---------+-------+---------
           D:1 |       0 |      54 |   0.0 |       0 |      23 |   0.0 |   734
           D:2 |       0 |     151 |   0.0 |       0 |      29 |   0.0 |   658
           D:3 |       0 |     478 |   0.0 |       0 |      42 |   0.0 |  1173
           D:4 |       0 |    1185 |   0.0 |       0 |      38 |   0.0 |  1016
           D:5 |       0 |     407 |   0.0 |       0 |      19 |   0.0 |   558
               +---------+---------+-------+---------+---------+-------+---------
